 Dungeon Crawl Stone Soup version 0.32-a0-20-ge526923d97 (webtiles) character file.

Game seed: 16797781528320166976

20702 mightbedylan the Covert (level 12, -1/51 HPs)
             Began as a Spriggan Enchanter on Jan 16, 2024.
             Was a Follower of Yredelemnul.
             Killed from afar by an acid dragon (26 damage)
             ... with a splash of acid
             ... on level 10 of the Dungeon on Jan 17, 2024.
             The game lasted 01:46:16 (9675 turns).

mightbedylan the Covert (Spriggan Enchanter)        Turns: 9675, Time: 01:46:16

Health: -1/51      AC:  7    Str:  7    XL:     12   Next: 47%
Magic:  26/29      EV: 24    Int: 25    God:    Yredelemnul [*.....]
Gold:   961        SH:  0    Dex: 18    Spells: 12/29 levels left

rFire   + . .        h - +11 long sword "Sial" {flame, rPois}
rCold   . . .        (no shield)
rNeg    . . .        b - +2 robe
rPois   +            (helmet restricted)
rElec   .            G - +2 cloak
rCorr   .            (gloves unavailable)
SInv    +            (boots unavailable)
Will    ++...        (no amulet)
Stlth   +++++        m - +4 ring of protection
HPRegen 0.28/turn    f - ring of the Evening {rF+ Str+3 Int+6}
MPRegen 0.21/turn

%: no passive effects
@: corroded, studying Ice Magic, very quick
A: very small, no large weapons, unfitting armour, see invisible, speed 3,
hooves 1, high MP 1
a: Renounce Religion, Recall Undead Harvest


You were on level 10 of the Dungeon.
You worshipped Yredelemnul.
Yredelemnul was noncommittal.
You visited 1 branch of the dungeon, and saw 10 of its levels.
You also visited: Sewer, Ossuary and Bailey.

You collected 1621 gold pieces.
You spent 660 gold pieces at shops.

Inventory:

Hand Weapons
 a - a +2 dagger of protection
 h - the +11 long sword "Sial" (weapon) {flame, rPois}
   (You found it in a sewer)

   rPois:     It protects you from poison
Missiles
 y - 11 curare-tipped darts (quivered)
Armour
 b - a +2 robe (worn)
 G - a +2 cloak (worn)
Magical Staves
 i - a staff of alchemy
Jewellery
 f - the ring of the Evening (right hand) {rF+ Str+3 Int+6}
   (You acquired it on level 8 of the Dungeon)

   [ring of intelligence]

   Str+3:     It affects your strength (+3).
   Int+6:     It affects your intelligence (+6).
   rF+:       It protects you from fire.
 j - a +5 ring of evasion
 m - a +4 ring of protection (left hand)
 u - a ring of magical power
 B - a +4 ring of protection
 I - a +4 ring of slaying
Wands
 l - a wand of flame (11)
 z - a wand of mindburst (9)
Scrolls
 g - 3 scrolls of amnesia
 k - 7 scrolls of teleportation
 n - 4 scrolls of blinking
 s - a scroll of brand weapon
 v - a scroll of poison
 x - 3 scrolls of revelation
 A - 6 scrolls of fog
 C - 2 scrolls of vulnerability
 F - a scroll of enchant weapon
 H - a scroll of identify
Potions
 c - 2 potions of invisibility
 d - 2 potions of cancellation
 e - 3 potions of resistance
 o - 5 potions of curing
 p - a potion of brilliance
 q - 2 potions of might
 r - 3 potions of lignification
 t - a potion of haste
 w - a potion of mutation
 D - a potion of enlightenment
 E - 2 potions of heal wounds


   Skills:
 - Level 3.1(5.5) Short Blades
 + Level 5.4(5.6) Long Blades
 + Level 9.8 Dodging
 + Level 11.9 Stealth
 + Level 9.4 Spellcasting
 + Level 3.4 Conjurations
 + Level 9.2 Hexes
 + Level 6.6 Translocations
 + Level 6.9 Ice Magic
 - Level 5.3 Invocations
 + Level 9.0 Evocations


You had 12 spell levels left.
You knew the following spells:

 Your Spells              Type           Power      Damage    Failure   Level
a - Ensorcelled Hibernat  Hex/Ice        100%       N/A       1%          2
b - Tukima's Dance        Hex            55%        N/A       1%          3
c - Confusing Touch       Hex            55%        N/A       1%          3
d - Dazzling Flash        Conj/Hex       86%        N/A       1%          3
e - Hailstorm             Conj/Ice       37%        3d9       1%          3
f - Summon Ice Beast      Ice/Summ       29%        N/A       3%          3

Your spell library contained the following spells:

 Spells                   Type           Power      Damage    Failure   Level
 Blink                    Tloc           90%        N/A       1%          2
 Lesser Beckoning         Tloc           90%        N/A       1%          2
 Momentum Strike          Conj/Tloc      74%        3d10      1%          2
 Passwall                 Erth           11%        N/A       16%         3
 Swiftness                Air            11%        N/A       16%         3
 Sculpt Simulacrum        Ice/Alch       14%        N/A       88%         6


Dungeon Overview and Level Annotations

Branches:
Dungeon (10/15)            Temple (0/1) D:6           Sewer (visited)
Ossuary (visited)          Bailey (visited)
   Lair: D:8-11         Orc: D:9-12

Altars:
Ashenzari
Hepliaklqana
Okawaru
Uskayaw
Yredelemnul
Zin

Shops:
D:1 (?:**   D:2 :[!*   D:3 :   D:5 *   D:6 (   D:8 [*[:   D:9 *

Annotations:
D:2 Robin


Innate Abilities, Weirdness & Mutations

You are very small and have problems with some larger weapons.
You are too small for most types of armour.
You have supernaturally acute eyesight. (SInv)
You cover ground extremely quickly. (Speed+++)
You have large cloven feet.
You have an increased reservoir of magic. (+10% MP)


Message History

You open the door.
There is an open door here.
y - 11 curare-tipped darts (gained 6) As you open the door, it creaks loudly!
There is an open door here.
An acid dragon comes into view.
The acid dragon roars!
The acid dragon spits acid at you. The splash of acid misses you.
You hear a shout!
Casting: Tukima's Dance (safe; 1% risk of failure)
Confirm with . or Enter, or press ? or * to list all spells.
Aiming: Ensorcelled Hibernation (safe; 1% risk of failure)
Press: ? - help, Shift-Dir - straight line, f - acid dragon
Aim: an acid dragon (ally target, chance to affect: 71%)
The acid dragon struggles to resist.
Casting: Ensorcelled Hibernation (safe; 1% risk of failure)
Confirm with . or Enter, or press ? or * to list all spells.
Aiming: Ensorcelled Hibernation (safe; 1% risk of failure)
Press: ? - help, Shift-Dir - straight line, f/p - acid dragon
Aim: an acid dragon (ally target, chance to affect: 71%)
The acid dragon looks drowsy...
You swap places.
The acid dragon spits acid at you. The splash of acid hits you!!
Ouch! That really hurt!
The acid corrodes you!
You slash the acid dragon! You burn the acid dragon.
Your kick misses the acid dragon.
The acid dragon is severely wounded.
The acid dragon completely misses you. x2
Your howler monkey zombie hits the acid dragon but does no damage.
You hit the acid dragon. You burn the acid dragon.
You kick the acid dragon, but do no damage.
The acid dragon is almost dead.
The acid dragon spits acid at you. The splash of acid hits you!!
Ouch! That really hurt!
You die...
Your body rises from the dead as a mindless zombie.

#..#.....#
#..#.....#
#..#.....#
#..#.....#
...#.....#
...#.....#
#.....#
#....Z#
#...Z@#
#....D+
#.....#
#.....#
##+####


You could see an acid dragon (catching breath, ally target) and 2 friendly
howler monkey zombies.

Vanquished Creatures
  Pikel (D:9)
  2 trolls
  Prince Ribbit (D:6)
  2 yaks (D:8)
  2 steam dragons
  4 water moccasins
  11 orc warriors
  An ice beast (D:3)
  2 black bears (D:7)
  A crocodile (Sewer)
  2 sky beasts
  An ogre (D:6)
  3 centaurs
  4 phantoms (D:5)
  A brain worm (Sewer)
  5 bullfrogs
  6 water moccasin zombies
  A burial acolyte (Ossuary)
  6 wights
  4 killer bees (D:8)
  5 howler monkeys
  An electric eel (D:8)
  4 orc priests
  A bombardier beetle (D:6)
  4 hounds
  2 jellies
  2 iguanas
  5 orc wizards
  A killer bee zombie (D:8)
  2 crocodile zombies (Ossuary)
  2 mummies (Ossuary)
  5 gnolls
  5 adders
  A shadow imp (D:7)
  3 ufetubi
  2 adder zombies (Ossuary)
  3 dart slugs
  4 ribbon worms
  21 orcs
  7 bats
  7 endoplasms
  2 giant cockroaches
  9 gnoll zombies (Ossuary)
  10 goblins
  13 hobgoblins
  2 jackals (D:2)
  5 kobolds
  3 quokkas
  8 ball pythons
  3 frilled lizards
  A giant cockroach zombie (D:4)
  9 jackal zombies (Ossuary)
  2 kobold zombies (D:8)
  2 orc zombies (Ossuary)
216 creatures vanquished.

Vanquished Creatures (collateral kills)
  An orc warlord (Bailey)
  A troll (D:9)
  A yak (D:8)
  Edmund (D:5)
  3 orc warriors
  An ice beast (D:6)
  A centaur (D:8)
  A kobold brigand (D:8)
  A scorpion (D:5)
  2 wights (D:8)
  A howler monkey (D:10)
  A hound (D:5)
  An orc priest (D:8)
  4 gnolls
  An adder (D:6)
  An ufetubus (D:6)
  14 orcs
  A ball python (D:4)
  10 goblins
  2 hobgoblins (Bailey)
  A quokka (D:4)
  5 bats
  7 kobolds (D:8)
  2 rats (D:2)
64 creatures vanquished.

Vanquished Creatures (others)
  7 dancing weapons
  A wight (D:6)
  2 bullfrog zombies
  A killer bee zombie (D:8)
  A hound zombie (D:5)
  2 steam dragon zombies
  A ribbon worm zombie (D:2)
  A jelly zombie (D:7)
  2 bat zombies
  4 gnoll zombies
  A frilled lizard zombie (D:3)
  A giant cockroach zombie (D:1)
  9 goblin zombies
  4 hobgoblin zombies
  2 kobold zombies
  19 orc zombies
  A rat (D:3)
  3 spectral orcs
62 creatures vanquished.

Grand Total: 342 creatures vanquished

Notes
Turn   | Place    | Note
-------+----------+-------------------------------------------
     0 | D:1      | mightbedylan the Spriggan Enchanter began the quest for the
                  | Orb.
     0 | D:1      | Reached XP level 1. HP: 9/9 MP: 5/5
   263 | D:1      | Reached XP level 2. HP: 13/13 MP: 6/6
   285 | D:1      | Learned a level 2 spell: Ensorcelled Hibernation
   302 | D:1      | Found Zaobresm's Magic Scroll Boutique.
   327 | D:1      | Found Suhanigug's Antique Weapon Boutique.
   408 | D:1      | Found Jaixteff's General Store.
   408 | D:1      | Found Optekhul's General Store.
  1271 | D:1      | Found a faded altar of an unknown god.
  1279 | D:1      | Prayed at the altar of an unknown god.
  1279 | D:1      | Became a worshipper of Yredelemnul the Dark
  1279 | D:1      | Reached * piety under Yredelemnul
  1281 | D:1      | Found Laih's Book Boutique.
  1500 | D:2      | Found Qomomef's Antique Armour Boutique.
  1516 | D:2      | Found a broken altar of Ashenzari.
  1679 | D:2      | Found Xovoewk's Assorted Antiques.
  1849 | D:2      | Found Niatol's Distillery.
  1861 | D:2      | Noticed Robin
  1868 | D:2      | Reached XP level 3. HP: 7/16 MP: 3/8
  2263 | D:2      | Reached skill level 5 in Stealth
  2267 | D:2      | Learned a level 3 spell: Tukima's Dance
  2307 | D:2      | Found Xusewoepp's Book Shop.
  2656 | D:3      | Found a glowing drain.
  2677 | Sewer    | Entered a sewer
  2766 | Sewer    | Noticed a brain worm
  2774 | Sewer    | Killed a brain worm
  2775 | Sewer    | Reached XP level 4. HP: 21/21 MP: 6/10
  2809 | Sewer    | Noticed a crocodile
  2825 | Sewer    | Killed a crocodile
  2826 | Sewer    | Reached XP level 5. HP: 12/24 MP: 5/11
  2870 | Sewer    | Identified the +11 long sword "Sial" {flame, rPois}
  2939 | D:3      | Reached skill level 6 in Stealth
  2959 | D:3      | Found Enofuff's Book Shop.
  3095 | D:3      | Noticed an ice beast
  3098 | D:3      | Killed an ice beast
  3099 | D:3      | Reached skill level 5 in Hexes
  3099 | D:3      | Reached XP level 6. HP: 28/28 MP: 11/13
  3424 | D:3      | Learned a level 3 spell: Confusing Touch
  3881 | D:4      | Reached ** piety under Yredelemnul
  3976 | D:4      | Noticed a water moccasin
  3994 | D:4      | Killed a water moccasin
  4101 | D:4      | Reached skill level 1 in Ice Magic
  4101 | D:4      | Reached skill level 1 in Evocations
  4393 | D:5      | Entered Level 5 of the Dungeon
  4393 | D:5      | Found Vanonwom's General Store.
  4411 | D:5      | Reached XP level 7. HP: 29/32 MP: 6/14
  4428 | D:5      | Noticed Edmund
  4431 | D:5      | Reached skill level 5 in Dodging
  4445 | D:5      | Killed Edmund
  4446 | D:5      | Reached skill level 1 in Long Blades
  4451 | D:5      | Reached skill level 7 in Stealth
  4516 | D:5      | Reached skill level 5 in Spellcasting
  4611 | D:5      | Reached XP level 8. HP: 36/36 MP: 3/16
  4873 | D:5      | Found a sand-covered staircase.
  4879 | Ossuary  | Entered an ossuary
  4885 | Ossuary  | Learned a level 3 spell: Passwall
  4945 | Ossuary  | Reached skill level 1 in Invocations
  5028 | Ossuary  | Reached skill level 8 in Stealth
  5364 | D:6      | Found a staircase to the Ecumenical Temple.
  5373 | D:6      | Reached XP level 9. HP: 33/39 MP: 15/18
  5400 | D:6      | Reached *** piety under Yredelemnul
  5578 | D:6      | Noticed Prince Ribbit
  5609 | D:6      | Killed Prince Ribbit
  5768 | D:6      | Found Finta's Weapon Shoppe.
  6023 | D:7      | Found a hazy altar of Hepliaklqana.
  6026 | D:7      | Found a hide-covered altar of Uskayaw.
  6038 | D:7      | Found a glowing silver altar of Zin.
  6057 | D:7      | Found an iron altar of Okawaru.
  6101 | D:7      | Reached skill level 9 in Stealth
  6101 | D:7      | Reached skill level 5 in Evocations
  6141 | D:7      | Reached skill level 5 in Ice Magic
  6158 | D:7      | Upgraded the game from 0.32-a0-18-g89e19f1974 to
                  | 0.32-a0-20-ge526923d97
  6185 | D:7      | Noticed a troll
  6200 | D:7      | Killed a troll
  6892 | D:8      | Found Lepra's Armour Shop.
  6894 | D:8      | Found Wyicol's Armour Boutique.
  6896 | D:8      | Found Elukk's Book Boutique.
  6896 | D:8      | Found Rogoury's Assorted Antiques.
  6902 | D:8      | Reached XP level 10. HP: 25/44 MP: 21/21
  6984 | D:8      | Bought a glowing cloak for 240 gold pieces
  6995 | D:8      | Bought a book of Spatial Translocations for 270 gold pieces
  6999 | D:8      | Learned a level 3 spell: Dazzling Flash
  7056 | D:8      | Identified a scroll of acquirement
  7056 | D:8      | Acquired the ring of the Evening {rF+ Str+3 Int+6}
  7170 | D:8      | Learned a level 3 spell: Hailstorm
  7255 | D:8      | Reached skill level 1 in Translocations
  7263 | D:8      | Reached skill level 10 in Stealth
  7263 | D:8      | Reached XP level 11. HP: 42/47 MP: 21/24
  7264 | D:8      | Reached skill level 5 in Long Blades
  7264 | D:8      | Reached skill level 11 in Stealth
  7264 | D:8      | Reached skill level 5 in Translocations
  7264 | D:8      | Reached skill level 5 in Invocations
  7264 | D:8      | Reached XP level 12. HP: 46/51 MP: 22/26
  7680 | D:8      | Found a flagged portal.
  7686 | Bailey   | Entered a bailey
  7785 | Bailey   | Learned a level 3 spell: Summon Ice Beast
  8060 | Bailey   | Gained mutation: You have large cloven feet. [potion of
                  | mutation]
  8060 | Bailey   | Gained mutation: You have an increased reservoir of magic.
                  | (+10% MP) [potion of mutation]
  8275 | Bailey   | Noticed an orc warlord
  8297 | Bailey   | Killed an orc warlord
  8433 | Bailey   | Acquired 875 gold pieces
  8886 | D:9      | Found Duraops's Hallowed Reliquary.
  8886 | D:9      | Noticed an angel
  8899 | D:9      | Bought 2 potions of heal wounds for 150 gold pieces
  9001 | D:9      | Noticed Pikel
  9011 | D:9      | Killed Pikel
  9604 | D:10     | Entered Level 10 of the Dungeon
  9675 | D:10     | Killed from afar by an acid dragon

Illustrated notes

Levels and vault maps discovered:
D:1:      arrival_zaba_pyramid, layout_basic, ebering_ecumenical_altar_mist,
          serial_shops, shop, shop, shop, shop, shop, minmay_pentomino_u4
D:2:      layout_loops_ring, serial_shops, shop, shop,
          nicolae_shop_competitors_out_of_business, shop, basic_altar,
          uniq_robin
D:3:      layout_loops_ring, serial_shops, shop, cheibrodos_sewer_entry_sluice,
          minmay_misc_feat_iff
D:4:      dreamdust_elfheim, layout_basic
D:5:      layout_rooms, nicolae_ossuary_entry_plus, nicolae_stop_n_shop_1,
          kennysheep_generic_room_8, uniq_edmund
D:6:      layout_rooms, minmay_temple_entry_tees, serial_shops, shop,
          wad_floor_pattern_untrapped, minmay_manual_macuahuitl,
          uniq_prince_ribbit1
D:7:      layout_loops_ring, grunt_temple_overflow_cloverleaf
D:8:      layout_gridville, enter_bailey_3, nrook_mini_vaults,
          nicolae_shop_national_dungeon_mall, minmay_diced_spiral
D:9:      statuecave_lemuel, layout_loops_ring, nicolae_good_shop, uniq_pikel
D:10:     layout_irregular_city, grunt_lair_entry_orc_guard_hut, uniq_grum

Skill      XL: |  1  2  3  4  5  6  7  8  9 10 11 12 |
---------------+-------------------------------------+-----
Dodging        | 3 4 5 6 7 8 9 |  9.8
Spellcasting   | 3 4 5 6 8 9 |  9.4
Hexes          | 4 5 6 7 8 9 |  9.2
Stealth        | 5 6 7 8 9 10 11 | 11.9
Short Blades   | 2 3 |  3.1
Ice Magic      | 1 2 3 5 6 |  6.9
Evocations     | 1 2 3 5 7 8 9 |  9.0
Long Blades    | 1 2 3 4 5 |  5.4
Invocations    | 1 3 4 5 |  5.3
Translocations | 3 5 6 |  6.6
Conjurations   | 2 3 |  3.4

Action                     |  1- 3 |  4- 6 |  7- 9 | 10-12 || total
---------------------------+-------+-------+-------+-------++-------
  Melee: Dagger            |   129 |     5 |       |       ||   134
         Long sword        |       |    51 |   182 |   155 ||   388
         Punch             |       |       |     2 |     2 ||     4
         Kick              |       |       |       |    23 ||    23
  Throw: Dart              |       |       |       |     1 ||     1
   Cast: Ensorcelled Hiber |    28 |    24 |    26 |    27 ||   105
         Confusing Touch   |       |     2 |     4 |     3 ||     9
         Tukima's Dance    |       |       |     5 |    37 ||    42
         Hailstorm         |       |       |       |     7 ||     7
         Summon Ice Beast  |       |       |       |     8 ||     8
         Dazzling Flash    |       |       |       |     2 ||     2
 Invoke: Dark Bargain      |       |       |       |     1 ||     1
  Evoke: Wand              |       |       |    19 |    13 ||    32
    Use: Scroll            |     7 |       |     3 |    14 ||    24
         Potion            |     7 |     1 |     3 |     8 ||    19
   Stab: Sleeping          |    21 |    17 |    15 |     4 ||    57
         Distracted        |       |     3 |     4 |       ||     7
         Confused          |       |       |     1 |       ||     1
 Armour: Robe              |    52 |     8 |    78 |    61 ||   199
  Dodge: Dodged            |   109 |    40 |   185 |   211 ||   545

Table legend: (Time is in decaauts)
 A = Elapsed time spent in this place.
 B = Non-inter-level travel time spent in this place.
 C = Inter-level travel time spent in this place.
 D = Time resting spent in this place.
 E = Time spent auto-exploring this place.
 F = Levels seen in this place.
 G = Mean time per level.
                   A        B        C        D        E       F      G
               +--------+--------+--------+--------+--------+-----+--------+
         Total |   7408 |   7273 |    135 |    651 |   4753 |  13 |  569.8 |
       Dungeon |   6304 |   6169 |    135 |    609 |   4118 |  10 |  630.4 |
         Sewer |    209 |    209 |      0 |     42 |    102 |   1 |  209.0 |
       Ossuary |    210 |    210 |      0 |      0 |     29 |   1 |  210.0 |
        Bailey |    684 |    684 |      0 |      0 |    503 |   1 |  684.0 |
               +--------+--------+--------+--------+--------+-----+--------+

Top non-repeatable levels by time:
     D:1: 1121 daAuts
     D:8: 934 daAuts
     D:2: 781 daAuts
  Bailey: 684 daAuts
     D:7: 636 daAuts
     D:3: 586 daAuts
     D:4: 582 daAuts
     D:5: 574 daAuts
     D:9: 546 daAuts
     D:6: 484 daAuts
 Ossuary: 210 daAuts
   Sewer: 209 daAuts
    D:10: 56 daAuts
